AoeStats
← Mynor Valdez

Arena

509521161Analyzed
4v4 RM · 6d ago on Sep 27, 2026· 69m 40s· 8 players
Game mode
Random Map
Map size
Large (8 player)
Population
200
Speed
Normal
Resources
Standard
Victory
Conquest
Starting age
Dark Age
Ending age
Imperial Age
RankedLock teamsTeams togetherTeam positionsShared explorationLock speedFull tech treeHidden civsTurbo modeCheats
Victory
Defeat
🇨🇳 Khmer · China
778
+11
🇨🇴 Britons · Colombia
727
+13
🇨🇳 Hindustanis · China
715
+14
🇺🇸 Varangians · United States
546
+20
🇧🇷 Armenians · Brazil
702
-16
🇺🇸 Malians · United States
696
-16
🇬🇹 Georgians · Guatemala
653
-21
🇵🇪 Vietnamese · Peru
584
-12
Zukomazi
12:50 Feudal Age
13:55 Double-Bit Axe
13:55 Horse Collar
17:48 Castle Age
18:24 Loom
18:26 Town Watch
18:43 Heavy Plow
19:02 Bow Saw
24:04 Stone Mining
24:16 Gold Mining
28:51 Imperial Age
27:16 Fletching
28:31 Bodkin Arrow
29:43 Capped Ram
31:23 Wheelbarrow
35:50 Crop Rotation
36:22 Pikeman
37:03 Squires
37:21 Tigui
37:42 Conscription
37:34 Forging
37:25 Scale Mail Armor
39:14 Iron Casting
38:30 Arson
40:06 Chemistry
39:26 Ballistics
39:17 Masonry
40:22 Chain Mail Armor
42:32 Fortified Wall
42:53 Architecture
42:54 Treadmill Crane
43:37 Hand Cart
43:22 Town Patrol
46:33 Plate Mail Armor
46:06 Padded Archer Armor
46:17 Man-at-Arms
46:59 Sappers
49:22 Caravan
49:52 Long Swordsman
Mynor Valdez
9:06 Loom
13:15 Feudal Age
15:36 Double-Bit Axe
18:12 Wheelbarrow
20:00 Fletching
24:57 Castle Age
26:19 Hand Cart
28:22 Crossbowman
36:26 Bow Saw
36:08 Gold Mining
36:09 Stone Mining
36:27 Bodkin Arrow
38:54 Ballistics
38:33 Murder Holes
38:17 Man-at-Arms
44:28 Treadmill Crane
47:41 Imperial Age
50:11 Chemistry
60:19 Hoardings
Althair
12:27 Feudal Age
12:57 Double-Bit Axe
12:55 Horse Collar
14:44 Wheelbarrow
15:49 Town Watch
15:57 Gold Mining
19:21 Stone Mining
25:06 Castle Age
26:39 Hand Cart
26:27 Heavy Plow
28:09 Bow Saw
34:37 Caravan
34:17 Crossbowman
37:27 Padded Archer Armor
37:18 Fletching
38:11 Thumb Ring
43:00 Imperial Age
41:20 Ballistics
40:42 Treadmill Crane
40:58 Murder Holes
41:27 Leather Archer Armor
41:07 Bodkin Arrow
43:27 Elite Rattan Archer
45:14 Onager
46:33 Paper Money
46:49 Crop Rotation
47:52 Chemistry
54:30 Chatras
54:14 Pikeman
54:57 Squires
56:26 Halberdier
Capitian
0:31 Loom
11:41 Feudal Age
13:03 Wheelbarrow
12:12 Horse Collar
12:18 Double-Bit Axe
19:33 Castle Age
21:16 Bow Saw
22:11 Hand Cart
22:16 Gold Mining
22:23 Stone Mining
24:12 Gold Shaft Mining
23:28 Town Watch
24:55 Heavy Plow
28:15 Pikeman
28:42 Gambesons
30:55 Fletching
31:55 Bodkin Arrow
32:04 Squires
31:50 Arson
32:40 Halberdier
32:43 Man-at-Arms
33:37 Forging
33:27 Scale Mail Armor
33:28 Padded Archer Armor
33:35 Treadmill Crane
34:15 Masonry
34:27 Ballistics
33:28 Elite Skirmisher
33:39 Crossbowman
36:58 Imperial Age
34:17 Long Swordsman
36:18 Iron Casting
35:59 Chain Mail Armor
35:59 Leather Archer Armor
35:30 Two-Handed Swordsman
36:26 Murder Holes
36:42 Champion
38:05 Conscription
39:05 Chemistry
38:19 Fortified Wall
39:17 Blast Furnace
38:18 Arbalester
39:36 Bracer
40:21 Fereters
39:44 Imperial Skirmisher
41:37 Coinage
41:23 Guilds
41:14 Caravan
41:26 Town Patrol
43:19 Bombard Tower
43:34 Plate Mail Armor
captain.wally.pippins
1:25 Loom
11:34 Feudal Age
12:57 Wheelbarrow
12:10 Double-Bit Axe
12:09 Horse Collar
18:49 Stone Mining
18:53 Gold Mining
24:56 Castle Age
24:13 Forging
24:08 Scale Barding Armor
24:06 Scale Mail Armor
25:59 Hand Cart
25:59 Bow Saw
25:52 Heavy Plow
26:40 Town Watch
27:18 Husbandry
27:30 Bloodlines
27:38 Bloodlines
29:45 Arson
30:00 Squires
29:24 Elite Skirmisher
33:50 Stone Shaft Mining
34:03 Iron Casting
33:48 Chain Barding Armor
33:39 Murder Holes
33:57 Fortified Wall
36:04 Ballistics
37:49 Caravan
38:19 Coinage
41:44 Imperial Age
46:09 Chemistry
45:21 Masonry
45:20 Siege Engineers
49:53 Architecture
48:52 Elite Varangian Guard
51:11 Two-Man Saw
50:54 Cavalier
55:13 Conscription
54:15 Vendel Legacy
55:17 Gothikon
58:08 Blast Furnace
61:06 Elite Jarl
65:32 Heavy Mounted Crossbowman
65:33 Cranequins
66:51 Plate Barding Armor
66:07 Fletching
66:17 Padded Archer Armor
66:33 Chain Mail Armor
68:16 Bodkin Arrow
69:01 Leather Archer Armor
Jaguar_gaming
5:17 Loom
10:18 Feudal Age
11:43 Wheelbarrow
10:53 Horse Collar
12:18 Double-Bit Axe
15:36 Forging
15:26 Fletching
15:37 Padded Archer Armor
18:50 Gold Mining
18:51 Stone Mining
22:59 Castle Age
21:20 Scale Mail Armor
21:26 Scale Barding Armor
22:19 Man-at-Arms
22:45 Arson
25:44 Crossbowman
26:02 Crossbowman
31:46 Bodkin Arrow
32:07 Leather Archer Armor
32:27 Iron Casting
37:11 Imperial Age
35:49 Hand Cart
35:21 Town Watch
37:30 Caravan
40:01 Chemistry
40:05 Coinage
40:29 Conscription
40:45 Arbalester
40:46 Cranequins
40:57 Capped Ram
42:24 Murder Holes
42:55 Ballistics
43:13 Ring Archer Armor
42:44 Bracer
43:43 Gold Shaft Mining
44:20 Guilds
45:27 Masonry
45:28 Bracer
45:44 Chain Mail Armor
46:27 Elite Longbowman
48:50 Yeomen
50:02 Hoardings
50:27 Warwolf
52:11 Sappers
53:20 Sanctity
53:04 Devotion
53:29 Illumination
53:21 Block Printing
53:18 Fervor
53:41 Architecture
53:23 Fortified Wall
53:14 Onager
60:11 Siege Engineers
61:09 Blast Furnace
60:39 Plate Mail Armor
63:11 Heavy Scorpion
64:02 Scale Barding Armor
63:39 Treadmill Crane
63:46 Arrowslits
63:52 Guard Tower
63:53 Heated Shot
64:19 Heavy Mounted Crossbowman
64:20 Elite Skirmisher
64:23 Light Cavalry
64:23 Cavalier
65:04 Husbandry
Tamerlane
10:33 Feudal Age
11:19 Double-Bit Axe
14:15 Castle Age
12:06 Horse Collar
15:15 Bow Saw
21:23 Heavy Plow
22:10 Wheelbarrow
22:02 Town Watch
24:04 Stone Mining
24:30 Forging
24:27 Loom
24:57 Hand Cart
24:44 Town Patrol
26:08 Fortified Wall
26:09 Masonry
29:05 Stone Shaft Mining
28:20 Gold Mining
33:13 Imperial Age
30:49 Caravan
31:32 Gold Shaft Mining
31:04 Fletching
31:37 Ballistics
33:26 Bodkin Arrow
36:00 Two-Man Saw
34:27 Elite Ghulam
35:10 Grand Trunk Road
35:31 Conscription
36:22 Bracer
37:08 Iron Casting
36:34 Scale Mail Armor
37:37 Chemistry
36:43 Siege Engineers
36:34 Murder Holes
37:37 Hoardings
37:04 Shatagni
37:09 Onager
39:25 Blast Furnace
39:33 Chain Mail Armor
41:39 Scale Barding Armor
41:37 Squires
41:23 Arson
42:58 Chain Barding Armor
48:32 Plate Barding Armor
48:08 Bloodlines
47:59 Husbandry
47:19 Heavy Camel Rider
49:42 Light Cavalry
50:57 Imperial Camel Rider
51:40 Hussar
55:30 Coinage
59:38 Banking
Андрей
0:51 Loom
13:42 Feudal Age
14:29 Horse Collar
16:16 Double-Bit Axe
21:56 Castle Age
23:05 Bow Saw
27:19 Gold Mining
27:21 Stone Mining
28:14 Heavy Plow
28:54 Fervor
30:48 Ballistics
32:52 Wheelbarrow
33:20 Gold Shaft Mining
33:22 Stone Shaft Mining
36:05 Imperial Age
34:18 Fortified Wall
34:59 Hand Cart
34:57 Forging
34:55 Scale Barding Armor
34:40 Fletching
34:59 Husbandry
35:09 Bloodlines
34:23 Light Cavalry
35:56 Caravan
37:38 Double Crossbow
37:59 Conscription
38:45 Chemistry
37:33 Capped Ram
37:40 Pikeman
39:05 Elite Ballista Elephant
39:48 Bodkin Arrow
40:29 Iron Casting
40:16 Chain Barding Armor
40:32 Crop Rotation
41:19 Tusk Swords
41:24 Bracer
47:03 Hussar
52:06 Blast Furnace
51:51 Plate Barding Armor
56:08 Siege Engineers
61:06 Siege Ram
Connection lost

Rejoining the realm…

Still unreachable

The connection could not be restored.

Session expired

The server has moved on; the page needs a fresh start.